 Dungeon Crawl Stone Soup version 0.14.1-26-g5a19342 (webtiles) character file.

236 Kae the Insei (level 4, -3/38 HPs)
             Began as a Naga Transmuter on July 26, 2014.
             Killed from afar by Natasha (6 damage)
             ... with a magic dart
             ... on Level 3 of the Dungeon.
             The game lasted 00:03:20 (2768 turns).

Kae the Insei (Naga Transmuter)                     Turns: 2768, Time: 00:03:20

HP  -3/38        AC  2     Str 12      XL: 4   Next: 40%
MP   7/7         EV 10     Int 13      God:
Gold 155         SH  0     Dex 13      Spells:  3 memorised,  1 level left

rFire  . . .     SeeInvis +       - Unarmed
rCold  . . .     Clarity  .     c - +0 robe
rNeg   . . .     Conserve .     (no shield)
rPois  +         rCorr    .     (no helmet)
rElec  .         rRot     .     (no cloak)
SustAb . .       Spirit   .     (no gloves)
rMut   .         Warding  .     (no barding)
Saprov . . .     Stasis   .     (no amulet)
MR     .....                    (no ring)
                                (no ring)

@: slowed, very slow, not resistant to hostile enchantments, unstealthy
A: spit poison, see invisible, deformed body, poison resistance, slowness 2, AC
+1
a: Spit Poison


You were on level 3 of the Dungeon.
You were very hungry.

You visited 1 branch of the dungeon, and saw 3 of its levels.

You collected 155 gold pieces.

Inventory:

Missiles
 b - 12 arrows
Armour
 c - a +0 robe (worn)
Comestibles
 a - a bread ration
 j - a choko
Scrolls
 g - a scroll of magic mapping {unknown}
 h - 2 scrolls of teleportation {unknown}
 k - a scroll of random uselessness {unknown}
 l - 3 scrolls of identify {unknown}
 n - 2 scrolls of remove curse {unknown}
 o - a scroll of amnesia {unknown}
Jewellery
 i - an uncursed ring of wizardry {unknown}
 p - a +5 ring of strength {unknown}
Potions
 e - 2 potions of agility
 f - a potion of curing
 m - a potion of heal wounds {unknown}
Books
 d - a book of Changes

   Spells                             Type                      Level
   *Beastly Appendage                 Transmutation                1
   *Sticks to Snakes                  Transmutation                2
   *Spider Form                       Transmutation/Poison         3
   Ice Form                           Ice/Transmutation            4
   Blade Hands                        Transmutation                5


   Skills:
 - Level 1.0 Fighting
 - Level 1.5 Dodging
 * Level 4.4 Unarmed Combat
 - Level 2.0 Spellcasting
 + Level 3.1 Transmutations


You had one spell level left.
You knew the following spells:

 Your Spells              Type           Power        Failure   Level  Hunger
a - Beastly Appendage     Trmt           #.....       10%         1    ##.....
b - Sticks to Snakes      Trmt           #.........   12%         2    ###....
c - Spider Form           Trmt/Pois      #.........   38%         3    ####...


Dungeon Overview and Level Annotations

Branches:
Dungeon (3/15)

Altars:
Okawaru

Annotations:
D:3 Natasha


Innate Abilities, Weirdness & Mutations

You cannot wear boots.
You can spit poison.
Your serpentine skin is tough (AC +1).*
You have supernaturally acute eyesight.
Armour fits poorly on your strangely shaped body.*
Your system is resistant to poisons.*
You cover ground very slowly.*


Message History

The adder is almost dead.
The adder bites you.
* * * LOW HITPOINT WARNING * * *
The adder bites you.
* * * LOW HITPOINT WARNING * * *
You hit the adder.
You kill the adder!
Natasha comes into view.
Your horns disappear.
Natasha hisses angrily.
Natasha stares at you and mumbles some strange words.
You feel yourself slow down.
You see here an adder corpse.
Natasha stares at you and mumbles some strange words.
You stop butchering the corpse.
The magic dart hits you!
* * * LOW HITPOINT WARNING * * *
Unknown command.
Natasha stares at you and mumbles some strange words.
The magic dart hits you!
You die...

####
......##
.......
......# #
#.....# #
#.###....#
..
#...(#.##.#
#........#
#@%.# #.#.#
.......
#.........
#.#.....h..#
.....##.#..
...>... .#.
.. .#.# .# #
.


You could see Natasha.

Vanquished Creatures
  Terence (D:2)
  An adder (D:3)
  A giant gecko (D:1)
  4 giant cockroaches
  16 hobgoblins
  3 jackals (D:2)
  An ooze (D:2)
  9 bats
  2 giant newts
  5 goblins
  6 kobolds
  4 rats
53 creatures vanquished.

Notes
Turn   | Place    | Note
--------------------------------------------------------------
     0 | D:1      | Kae, the Naga Transmuter, began the quest for the Orb.
     0 | D:1      | Reached XP level 1. HP: 18/18 MP: 3/3
   383 | D:1      | Reached XP level 2. HP: 23/25 MP: 4/4
   451 | D:1      | HP: 1/25 [kobold (3)]
  1142 | D:1      | Reached XP level 3. HP: 31/31 MP: 6/6
  1243 | D:1      | Learned a level 2 spell: Sticks to Snakes
  1247 | D:1      | Learned a level 3 spell: Spider Form
  1599 | D:2      | Noticed Terence
  1621 | D:2      | Killed Terence
  1621 | D:2      | Reached skill level 4 in Unarmed Combat
  2009 | D:2      | Found an iron altar of Okawaru.
  2017 | D:2      | Reached XP level 4. HP: 34/38 MP: 5/7
  2766 | D:3      | Noticed Natasha
  2768 | D:3      | Killed from afar by Natasha

Action                   |  1- 3 |  4- 6 || total
-------------------------+-------+-------++-------
Melee: Unarmed           |   142 |    87 ||   229
 Cast: Beastly Appendage |     7 |     3 ||    10
 Abil: Spit Poison       |     9 |     2 ||    11
  Use: Potion            |     2 |     2 ||     4
 Stab: Sleeping          |     1 |       ||     1
